[Event "Team 45 45 League T65"]
[Site "Internet Chess Club"]
[Date "2015.06.06"]
[Round "1"]
[White "fireball"]
[Black "Innes"]
[Result "0-1"]
[WhiteElo "1633"]
[BlackElo "1664"]
[Opening "QGD Slav defense"]
[ECO "D10"]
[Time "19:16:37"]
[TimeControl "2700+45"]

1. d4 d5 2. c4 c6 3. Nc3 Nf6 4. Bg5 Ne4 5. Nxe4 dxe4 6. a3 Qa5+ 7. Bd2 Qh5 8. e3
Qg6 9. h3 Nd7 10. Ne2 e5 11. Ng3 exd4 12. exd4 Bd6 13. Ne2 O-O 14. Nf4 Bxf4 15.
Bxf4 Nf6 16. g3 Bd7 17. Qd2 b5 18. c5 Nd5 19. Be3 a5 20. b3 f5 21. Be2 Be6 22.
O-O-O b4 23. Bc4 bxa3 24. Kb1 Nb4 25. Qc3 Rfb8 26. Ka1 Bxc4 27. Qxc4+ Kh8 28.
Bd2 Nd3 29. Rhf1 Nb2 30. Rc1 Nxc4 {White resigns} 0-1

[Event "Team 45 45 League T65"]
[Site "Internet Chess Club"]
[Date "2015.06.05"]
[Round "1"]
[White "SaltofLife"]
[Black "room-matt"]
[Result "0-1"]
[WhiteElo "1876"]
[BlackElo "1920"]
[Opening "Queen's pawn game, Darooha variation "]
[ECO "D02"]
[Time "15:33:37"]
[TimeControl "2700+45"]

1. d4 Nf6 2. Nf3 d5 3. c4 e6 4. cxd5 exd5 5. Nc3 c6 6. Qc2 Bd6 7. Bg5 Nbd7 8. e3
h6 9. Bh4 O-O 10. Bd3 Re8 11. O-O Nb6 12. Rae1 Bg4 13. Nd2 g5 14. Bg3 Bxg3 15.
hxg3 Qd6 16. f4 Re6 17. Nf3 Rae8 18. Ne5 Nbd7 19. Bg6 R6e7 20. Bd3 Bh5 21. Qf2
g4 22. Bf5 Kg7 23. Kh2 Nf8 24. Qd2 Bg6 25. Bxg4 Rxe5 26. dxe5 Nxg4+ 27. Kg1 Qe6
28. Ne2 Qf5 29. Nd4 Qh5 30. Nf3 Be4 31. Nh4 Ng6 {White resigns} 0-1

[Event "Team 45 45 League T65"]
[Site "Internet Chess Club"]
[Date "2015.06.04"]
[Round "1"]
[White "Goli"]
[Black "fledermaus"]
[Result "0-1"]
[WhiteElo "1742"]
[BlackElo "1950"]
[Opening "Sicilian: Alapin's variation (2.c3)"]
[ECO "B22"]
[Time "16:31:02"]
[TimeControl "2700+45"]

1. e4 c5 2. c3 d5 3. exd5 Qxd5 4. d4 Nf6 5. Nf3 Bg4 6. Be2 e6 7. O-O Nc6 8. h3
Bh5 9. Na3 cxd4 10. Nb5 Rc8 11. Nbxd4 Nxd4 12. Nxd4 Bxe2 13. Qxe2 Be7 14. Rd1 a6
15. Be3 O-O 16. Nf3 Qa5 17. Bd4 Rfd8 18. Ne5 Qc7 19. Qf3 Bd6 20. Ng4 Nxg4 21.
Qxg4 Be5 22. Be3 Rxd1+ 23. Rxd1 Rd8 24. Kf1 h6 25. Ke1 Rxd1+ 26. Kxd1 Kh8 27.
Kc2 Qc6 28. f3 Qb5 29. f4 Qa4+ 30. Kb1 Qe4+ {White resigns} 0-1

[Event "Team 45 45 League T65"]
[Site "Internet Chess Club"]
[Date "2015.06.10"]
[Round "1"]
[White "jonesey"]
[Black "zap2"]
[Result "1-0"]
[WhiteElo "1879"]
[BlackElo "1756"]
[Opening "Queen's pawn game"]
[ECO "A45"]
[Time "10:28:57"]
[TimeControl "2700+45"]

1. d4 Nf6 2. c3 d5 3. e3 Nbd7 4. Nf3 b6 5. Bb5 Bb7 6. Qa4 a6 7. Bd3 e6 8. Nbd2
Be7 9. O-O O-O 10. Re1 Ne4 11. Ne5 Nxe5 12. dxe5 c5 13. Nxe4 b5 14. Nf6+ gxf6
15. Qg4+ Kh8 16. exf6 Rg8 17. Qh4 Rxg2+ 18. Kxg2 d4+ 19. f3 Qg8+ 20. Kf2 {Black
resigns} 1-0

[Event "Team 45 45 League T65"]
[Site "Internet Chess Club"]
[Date "2015.06.05"]
[Round "1"]
[White "Duguesclin"]
[Black "parrot9"]
[Result "1-0"]
[WhiteElo "1655"]
[BlackElo "1635"]
[Opening "QGD semi-Slav"]
[ECO "D43"]
[Time "15:11:35"]
[TimeControl "2700+45"]

1. d4 d5 2. c4 c6 3. Nf3 Nf6 4. Nc3 e6 5. Bg5 Be7 6. e3 Nbd7 7. c5 a5 8. a3 b6
9. b4 Ba6 10. Bxa6 Rxa6 11. O-O O-O 12. Qc2 h6 13. Bf4 Qa8 14. Qb2 Qb7 15. Rfb1
Rfa8 16. h3 Bd8 17. Bd6 Bc7 18. Ne5 Bxd6 19. cxd6 axb4 20. axb4 Rxa1 21. Rxa1
Rxa1+ 22. Qxa1 Ne8 23. b5 c5 24. Qa6 Qxa6 25. bxa6 cxd4 26. exd4 {Black resigns}
1-0

[Event "Team 45 45 League T65"]
[Site "Internet Chess Club"]
[Date "2015.06.06"]
[Round "1"]
[White "fishhead"]
[Black "hood"]
[Result "1-0"]
[WhiteElo "1879"]
[BlackElo "1989"]
[Opening "Ruy Lopez: 5.O-O"]
[ECO "C78"]
[Time "16:26:08"]
[TimeControl "2700+45"]

1. e4 e5 2. Nf3 Nc6 3. Bb5 a6 4. Ba4 Nf6 5. O-O b5 6. Bb3 Bc5 7. Nxe5 Nxe5 8. d4
Bxd4 9. Qxd4 d6 10. Qe3 O-O 11. Nd2 Re8 12. Qg5 h6 13. Qh4 Ng6 14. Qg3 Be6 15.
f4 Bxb3 16. axb3 Kh8 17. f5 Ne5 18. Qh4 d5 19. Re1 dxe4 20. Nxe4 Nxe4 21. Qxd8
Rexd8 22. Rxe4 Rd1+ 23. Kf2 f6 24. h3 Rad8 25. Re1 Rxe1 26. Kxe1 Rd6 27. Bf4 Rc6
28. Kd2 Kg8 29. c3 Kf7 30. Ke3 Nd7 31. Kd4 Ke7 32. Kd5 Rc5+ 33. Ke4 Rc6 34. b4
Rc4+ 35. Ke3 Nb6 36. Bg3 Rc6 37. Kd3 Nc4 38. b3 Nd6 39. Rf1 Rb6 40. Bf2 Rb8 41.
g4 Ra8 42. Ra1 Nb7 43. c4 c6 44. Ke4 Kf7 45. Bb6 Kf8 46. cxb5 Re8+ 47. Kd4 axb5
48. Ra7 Re7 49. Ra8+ Re8 50. Ra2 Re7 51. Bc5 Nxc5 52. Kxc5 Re3 53. Kxc6 Rxh3 54.
Rd2 Rxb3 55. Kxb5 Ke7 56. Rd4 Rc3 57. Kb6 Rc1 58. b5 Rc2 59. Kb7 Rc3 60. b6 Rc2
61. Kb8 Rc1 62. b7 Rc2 63. Ra4 Kf7 64. Ka8 Rb2 65. b8=Q Rxb8+ 66. Kxb8 {Black
resigns} 1-0

[Event "Team 45 45 League T65"]
[Site "Internet Chess Club"]
[Date "2015.06.04"]
[Round "1"]
[White "joebobpop"]
[Black "no3"]
[Result "1/2-1/2"]
[WhiteElo "1991"]
[BlackElo "1665"]
[Opening "Ruy Lopez: 5.O-O"]
[ECO "C78"]
[Time "18:00:37"]
[TimeControl "2700+45"]

1. e4 e5 2. Nf3 Nc6 3. Bb5 a6 4. Ba4 Nf6 5. O-O b5 6. Bb3 Bc5 7. a4 b4 8. Nxe5
Nxe5 9. d4 Bxd4 10. Qxd4 Nc6 11. Qc4 O-O 12. Bg5 a5 13. f4 Ba6 14. Qc5 Bxf1 15.
Kxf1 Nxe4 16. Bxd8 Nxc5 17. Bxc7 Nxb3 18. cxb3 Nd4 19. Nd2 Rfc8 20. Bb6 Ne6 21.
f5 Nf8 22. Nc4 Rc6 23. Rd1 Rf6 24. Rd5 g6 25. g4 Re8 26. Bxa5 gxf5 27. gxf5 Re4
28. Bxb4 Rf4+ 29. Ke2 R4xf5 30. Rxf5 Rxf5 31. a5 d5 32. Nb6 Ne6 33. a6 Nd4+ 34.
Kd3 Nc6 35. Bc5 Rf3+ 36. Kc2 d4 37. Nc8 Rf2+ 38. Kd3 Rxb2 39. a7 Rxb3+ 40. Kc4
Rc3+ 41. Kb5 Nxa7+ 42. Nxa7 Rxc5+ 43. Kxc5 d3 44. Nb5 Kg7 45. Nc3 d2 46. Kd4 Kh6
47. Kd3 Kh5 48. Kxd2 Kh4 49. Ne4 Kh3 50. Ng5+ Kxh2 51. Nxf7 Kg3 52. Ke3 h5 53.
Ne5 h4 54. Nf3 h3 55. Ke4 Kg2 56. Kf4 {Game drawn by mutual agreement} 1/2-1/2

[Event "Team 45 45 League T65"]
[Site "Internet Chess Club"]
[Date "2015.06.06"]
[Round "1"]
[White "xt"]
[Black "SAC2001"]
[Result "1-0"]
[WhiteElo "1731"]
[BlackElo "1761"]
[Opening "Scotch gambit: Dubois-Réti defense"]
[ECO "C55"]
[Time "19:07:58"]
[TimeControl "2700+45"]

1. e4 e5 2. Nf3 Nc6 3. Bc4 Nf6 4. d4 exd4 5. e5 d5 6. Bb5 Ne4 7. Nxd4 Bd7 8.
Bxc6 bxc6 9. O-O Bc5 10. f3 Ng5 11. f4 Ne4 12. Be3 O-O 13. Nd2 Nxd2 14. Qxd2 Rb8
15. Nb3 Bb6 16. a4 Bf5 17. Rac1 Qe7 18. a5 Bxe3+ 19. Qxe3 a6 20. Qc3 Bd7 21. Nc5
Bc8 22. b4 Rb5 23. Qd4 Bb7 24. f5 Re8 25. Rce1 Rd8 26. f6 Qe8 27. fxg7 Ra8 28.
e6 f5 29. Rxf5 Qg6 30. e7 {Black resigns} 1-0

[Event "Team 45 45 League T65"]
[Site "Internet Chess Club"]
[Date "2015.06.04"]
[Round "1"]
[White "andrewliang"]
[Black "LiangLiang"]
[Result "1/2-1/2"]
[WhiteElo "1698"]
[BlackElo "1877"]
[Opening "Sicilian: Najdorf, Opocensky variation"]
[ECO "B92"]
[Time "22:30:17"]
[TimeControl "2700+45"]

1. e4 c5 2. Nf3 d6 3. d4 cxd4 4. Nxd4 Nf6 5. Nc3 a6 6. Be2 e5 7. Nb3 Be7 8. O-O
O-O 9. Be3 Be6 10. Qd2 Nbd7 11. a4 Rc8 12. Rac1 Nb6 13. a5 Nc4 14. Bxc4 Bxc4 15.
Bb6 Qd7 16. Rfd1 Qe6 17. Qe3 Bxb3 18. cxb3 Qxb3 19. Nd5 Qxe3 20. Nxe7+ Kh8 21.
Bxe3 Rxc1 22. Rxc1 Nxe4 23. Rc7 h6 24. Rxb7 d5 25. Nxd5 Rd8 26. f3 Nd6 27. Rc7
f5 28. Bxh6 Ne8 29. Bg5 Nxc7 30. Nxc7 Rd6 31. Kf1 Rc6 32. Bd8 Kg8 33. Ke1 Kf7
34. Ke2 g5 35. Ke3 Kg6 36. g3 f4+ 37. gxf4 gxf4+ 38. Ke4 Rd6 39. Bh4 Rc6 40. Bd8
Rd6 41. Bh4 Rc6 42. Nd5 Rc2 43. Kxe5 Rxh2 44. Nxf4+ Kf7 45. Be1 Rxb2 46. Bc3 Rb3
47. Kd4 Rb5 48. Nd5 Rb7 49. Nb4 Ra7 50. Kc5 Ke8 51. Kb6 Rf7 52. Nxa6 Rxf3 53.
Nc7+ Kd7 54. Nb5 Kc8 55. a6 Rg3 56. a7 Rg6+ 57. Ka5 Kb7 58. Kb4 Rg5 59. Bd4 Rg6
60. Nc7 Rg8 61. Ne6 Ra8 62. Kb5 Rxa7 63. Bxa7 Kxa7 {Game drawn because neither
player has mating material} 1/2-1/2

[Event "Team 45 45 League T65"]
[Site "Internet Chess Club"]
[Date "2015.06.06"]
[Round "1"]
[White "searchforbobby1"]
[Black "Jack-ONeill"]
[Result "0-1"]
[WhiteElo "2055"]
[BlackElo "2086"]
[Opening "French: Albin-Alekhine-Châtard attack"]
[ECO "C13"]
[Time "13:13:33"]
[TimeControl "2700+45"]

1. e4 e6 2. d4 d5 3. Nc3 Nf6 4. Bg5 Be7 5. e5 Nfd7 6. h4 Nc6 7. Nh3 f6 8. Nf4
Ndxe5 9. dxe5 Nxe5 10. Qe2 fxg5 11. hxg5 Bd6 12. Qh5+ g6 13. Nxg6 Nxg6 14. Qxg6+
hxg6 15. Rxh8+ Bf8 16. f4 Qd6 17. g3 Bd7 18. O-O-O O-O-O 19. Rh7 Qb6 20. Bd3
Qe3+ 21. Kb1 Be8 22. Ne2 e5 23. fxe5 Qxe5 24. Nf4 Rd6 25. Rhh1 Rb6 26. c3 Qxc3
27. Rh2 Bg7 28. Rdd2 Rxb2+ 29. Rxb2 Qe1+ 30. Kc2 Ba4+ 31. Rb3 Qc3+ 32. Kd1 Bxb3+
33. axb3 Qa1+ 34. Kd2 Bc3+ 35. Ke3 Qg1+ 36. Rf2 Be1 37. Nh3 Bxf2+ 38. Nxf2 Qxg3+
{White resigns} 0-1

[Event "Team 45 45 League T65"]
[Site "Internet Chess Club"]
[Date "2015.06.06"]
[Round "1"]
[White "Ptzz"]
[Black "Monterrey"]
[Result "1-0"]
[WhiteElo "2073"]
[BlackElo "2009"]
[Opening "King's Indian: orthodox, Aronin-Taimanov, bayonet attack"]
[ECO "E97"]
[Time "12:01:07"]
[TimeControl "2700+45"]

1. Nf3 Nf6 2. d4 g6 3. c4 Bg7 4. Nc3 O-O 5. e4 d6 6. Be2 e5 7. O-O Nc6 8. d5 Ne7
9. b4 Nh5 10. Re1 f5 11. Ng5 Nf6 12. Bf3 c6 13. Bb2 h6 14. Ne6 Bxe6 15. dxe6 Ne8
16. Qb3 Qc8 17. c5 dxc5 18. bxc5 Nc7 19. Rad1 Qxe6 20. Rd7 fxe4 21. Rxc7 Qxb3
22. axb3 exf3 23. Rxe7 fxg2 24. Ne4 b6 25. b4 bxc5 26. Nxc5 Rf5 27. Bxe5 Bxe5
28. R1xe5 Rxe5 29. Rxe5 a5 30. bxa5 Rxa5 31. Nd3 Ra1+ 32. Kxg2 Kf7 33. Rc5 Rd1
34. Ne5+ Kf6 35. Ng4+ Kg7 36. Rxc6 h5 37. Rc7+ Kg8 38. Nf6+ Kf8 39. Nh7+ Kg8 40.
Ng5 Rd5 41. h4 Rd4 42. Nf3 Rg4+ 43. Kf1 Rf4 44. Ke2 Re4+ 45. Kd3 Ra4 46. Ke3 Rg4
47. Ne5 Rxh4 48. Nxg6 Ra4 49. Nf4 Ra5 50. Rd7 h4 51. Rd5 Ra3+ 52. Nd3 Ra1 53.
Rh5 Rh1 54. Nf4 Kg7 55. Kf3 Rh2 56. Ng2 Rh3+ 57. Ke2 Rh2 58. Nxh4 Kf7 59. Kf3
Rh1 60. Kg2 Ra1 61. Rb5 Ra4 62. Kg3 Kf6 63. f4 Ra1 64. Rb6+ Kf7 65. Kg4 Ra5 66.
Nf3 Rc5 67. Ne5+ Kg7 68. Kg5 Rc1 69. Rb7+ Kg8 70. Kf6 Rf1 71. f5 Rf2 72. Rb8+
Kh7 73. Ng6 {Black resigns} 1-0

[Event "Team 45 45 League T65"]
[Site "Internet Chess Club"]
[Date "2015.06.07"]
[Round "1"]
[White "chsrules88"]
[Black "Tobiasdelmonte"]
[Result "1-0"]
[WhiteElo "2030"]
[BlackElo "1781"]
[Opening "Vienna game"]
[ECO "C26"]
[Time "16:26:03"]
[TimeControl "2700+45"]

1. e4 Nf6 2. Nc3 e5 3. Bc4 Bc5 4. d3 O-O 5. Nf3 d6 6. h3 h6 7. O-O c6 8. Be3
Bxe3 9. fxe3 Qb6 10. Qd2 Na6 11. a3 Bd7 12. Nh4 Rad8 13. b4 Bc8 14. Qe1 d5 15.
Bxa6 d4 16. Bc4 dxc3 17. Rf3 c5 18. Qxc3 cxb4 19. axb4 a6 20. Raf1 Rfe8 21. Qe1
Rd6 22. Qg3 Qd8 23. Nf5 Bxf5 24. Rxf5 b5 25. Bb3 Qb6 26. R1f3 a5 27. bxa5 Qxa5
28. Rxf6 Rxf6 29. Rxf6 Re7 30. Rg6 Qa1+ 31. Kh2 Ra7 32. Rxg7+ Kf8 33. Rg8+ Ke7
34. Qh4+ Kd6 35. Qf6+ Kc5 36. Rc8+ Kb4 37. Qd6+ Ka5 38. Qc5 Ra6 39. c4 {Black
resigns} 1-0

[Event "Team 45 45 League T65"]
[Site "Internet Chess Club"]
[Date "2015.06.07"]
[Round "1"]
[White "Holzschlange"]
[Black "fishhead"]
[Result "0-1"]
[WhiteElo "1825"]
[BlackElo "1893"]
[Opening "Sicilian: Najdorf, Lipnitzky attack"]
[ECO "B86"]
[Time "09:33:35"]
[TimeControl "2700+45"]

1. e4 c5 2. Nf3 d6 3. d4 cxd4 4. Nxd4 Nf6 5. Nc3 a6 6. Bc4 e6 7. Bb3 Qc7 8. O-O
Nbd7 9. Bxe6 fxe6 10. Nxe6 Qc4 11. Nd5 Nxd5 12. exd5 Kf7 13. b3 Qc3 14. Be3 Nf6
15. Bd4 Qa5 16. Ng5+ Kg8 17. c4 Be7 18. Re1 Kf8 19. Qe2 Qd8 20. Bb6 Qe8 21. Qf3
h6 22. Ne4 Qf7 23. c5 Nxe4 24. Qxe4 Bf5 25. Qb4 dxc5 26. Bxc5 Bxc5 27. Qxc5+ Kg8
28. Re7 Qf6 29. Rae1 Rc8 30. Qb4 b5 31. a4 Kh7 32. axb5 axb5 33. Qxb5 Qxe7 34.
Rxe7 Rc1+ 35. Qf1 Rxf1+ 36. Kxf1 Rd8 37. Re5 Bc2 38. b4 Bb3 39. f4 Rxd5 40. Kf2
Rd4 41. Ke3 Rxb4 42. g4 Bd1 43. g5 hxg5 44. Rxg5 Kh6 45. Rg1 Bc2 46. Rc1 Bf5 47.
Rg1 Rb2 48. Rh1 Kh5 49. Kd4 Kh4 50. Ke5 Rb5+ 51. Kd4 g6 52. Re1 Kg4 53. Rf1 Rb4+
{White resigns} 0-1

[Event "Team 45 45 League T65"]
[Site "Internet Chess Club"]
[Date "2015.06.06"]
[Round "1"]
[White "RickyWang"]
[Black "junard"]
[Result "1-0"]
[WhiteElo "1752"]
[BlackElo "2021"]
[Opening "Sicilian: Najdorf"]
[ECO "B90"]
[Time "21:02:53"]
[TimeControl "2700+45"]

1. e4 c5 2. Nf3 d6 3. d4 cxd4 4. Nxd4 Nf6 5. Nc3 a6 6. f3 b5 7. Be3 Bb7 8. Qd2
e6 9. O-O-O Nbd7 10. g4 h6 11. h4 b4 12. Na4 Qa5 13. b3 Nc5 14. a3 Nxa4 15. axb4
Qc7 16. bxa4 d5 17. e5 Nd7 18. f4 Nb6 19. Rh3 Nxa4 20. Bf2 Rc8 21. c4 dxc4 22.
Qc2 Nb6 23. Nxe6 fxe6 24. Qg6+ Qf7 25. Qxf7+ Kxf7 26. Bxb6 Bxb4 27. Rd7+ Kg6 28.
Rxb7 Rhf8 29. Bg2 Kh7 30. f5 Kg8 31. fxe6 Kh8 32. Rf3 Rfe8 33. Rff7 Rg8 34. e7
Rge8 35. e6 c3 36. Bd4 Rg8 37. Rxb4 a5 38. Rb7 Rc4 39. Bxg7+ Kh7 40. Bd4+ Kg6
41. Be4# {Black checkmated} 1-0

[Event "Team 45 45 League T65"]
[Site "Internet Chess Club"]
[Date "2015.06.04"]
[Round "1"]
[White "LittleButton"]
[Black "JasonModer"]
[Result "1/2-1/2"]
[WhiteElo "1839"]
[BlackElo "1843"]
[Opening "Queen's pawn game, Darooha variation "]
[ECO "D02"]
[Time "09:02:53"]
[TimeControl "2700+45"]

1. d4 d5 2. Nf3 Nf6 3. c4 e6 4. cxd5 exd5 5. Nc3 Be7 6. Bg5 c6 7. Qc2 O-O 8. e3
Nbd7 9. Bd3 Re8 10. O-O Nf8 11. Bxf6 Bxf6 12. b4 a6 13. a4 Bg4 14. Nd2 Rc8 15.
Bf5 Bxf5 16. Qxf5 g6 17. Qd3 a5 18. bxa5 c5 19. dxc5 Rxc5 20. Rac1 Qxa5 21. Nb5
Rxc1 22. Rxc1 Qxa4 23. Qxd5 Re5 24. Qd6 Re6 25. Qd5 Bb2 26. Qc4 Qa5 27. Nb3 Qd8
28. Rb1 Bg7 29. N3d4 Rb6 30. Rc1 Qd7 31. Qc5 Bxd4 32. Nxd4 Rd6 33. h3 Ne6 {Game
drawn by mutual agreement} 1/2-1/2

[Event "Team 45 45 League T65"]
[Site "Internet Chess Club"]
[Date "2015.06.05"]
[Round "1"]
[White "ausya"]
[Black "Baspofsky"]
[Result "0-1"]
[WhiteElo "1712"]
[BlackElo "1881"]
[Opening "Sicilian: Alapin's variation (2.c3)"]
[ECO "B22"]
[Time "20:00:38"]
[TimeControl "2700+45"]

1. e4 c5 2. c3 d5 3. exd5 Qxd5 4. d4 Nf6 5. Nf3 e6 6. Bd3 Be7 7. O-O O-O 8. Be3
cxd4 9. cxd4 b6 10. Nc3 Qd8 11. Qe2 Bb7 12. Rfd1 Nbd7 13. Rac1 Nd5 14. Nxd5 Bxd5
15. Bc4 Nf6 16. Ne5 Rc8 17. Rc2 Be4 18. Bd3 Bd5 19. Rxc8 Qxc8 20. Rc1 Qa8 21. f3
Bxa2 22. Nc6 Bd6 23. Be4 Bd5 24. Bxd5 Nxd5 25. Bg5 h6 26. Bd2 Rc8 27. Ne5 Rxc1+
28. Bxc1 Bxe5 29. dxe5 Qc6 30. Be3 Nxe3 31. Qxe3 Qc2 32. Qd4 Qc5 33. Qxc5 bxc5
34. Kf2 Kf8 35. Ke3 Ke7 36. f4 Kd7 37. Kd3 Kc6 38. Kc4 h5 39. h3 h4 40. b3 a6
41. Kc3 Kb5 42. Kd3 Kb4 43. Kc2 c4 44. bxc4 Kxc4 45. Kd2 Kd4 46. Ke2 Ke4 47. f5
Kxf5 {White resigns} 0-1

[Event "Team 45 45 League T65"]
[Site "Internet Chess Club"]
[Date "2015.06.05"]
[Round "1"]
[White "infiniteshug"]
[Black "JJ12"]
[Result "1-0"]
[WhiteElo "2135"]
[BlackElo "2067"]
[Opening "Sicilian: closed"]
[ECO "B23"]
[Time "11:00:15"]
[TimeControl "2700+45"]

1. e4 c5 2. Nc3 g6 3. f4 Bg7 4. Nf3 Nc6 5. Bc4 e6 6. O-O Nge7 7. Qe1 O-O 8. d3
d5 9. Bb3 Nd4 10. Nxd4 Bxd4+ 11. Kh1 b6 12. f5 exf5 13. Nxd5 Nxd5 14. Bxd5 Rb8
15. Bf4 Rb7 16. Bxb7 Bxb7 17. c3 Bg7 18. exf5 Qxd3 19. Rd1 Qxf5 20. Bd6 Qg4 21.
Qf2 Qe6 22. Bxf8 Bxf8 23. Rd8 Bd5 24. c4 Bxc4 25. Re1 {Black resigns} 1-0

[Event "Team 45 45 League T65"]
[Site "Internet Chess Club"]
[Date "2015.06.05"]
[Round "1"]
[White "Logic"]
[Black "TillyChess"]
[Result "0-1"]
[WhiteElo "2044"]
[BlackElo "2158"]
[Opening "French: Rubinstein variation"]
[ECO "C10"]
[Time "15:00:52"]
[TimeControl "2700+45"]

1. e4 e6 2. d4 d5 3. Nc3 dxe4 4. Nxe4 Nd7 5. Nf3 Ngf6 6. Bd3 c5 7. O-O Nxe4 8.
Bxe4 Nf6 9. Bg5 cxd4 10. Nxd4 Be7 11. Bf3 O-O 12. Re1 Qb6 13. Nb3 Rd8 14. Qe2
Bd7 15. Bd2 Bb4 16. c3 Bd6 17. c4 a5 18. Rac1 a4 19. c5 Bxh2+ 20. Kxh2 Qc7+ 21.
g3 axb3 22. axb3 Bc6 23. Bf4 Qc8 24. Bg5 Bxf3 25. Qxf3 Qc6 26. Qxc6 bxc6 27.
Bxf6 gxf6 28. Red1 Rxd1 29. Rxd1 Rb8 30. Rd6 Rxb3 31. Rxc6 Rxb2 32. Rc8+ Kg7 33.
Kg2 Rc2 34. Kf3 f5 35. Ke3 f4+ 36. Kxf4 Rxf2+ 37. Ke5 Rd2 38. c6 Rd5+ 39. Ke4
Kf6 40. c7 Rc5 41. g4 h6 42. Kd4 Rc1 43. Ke4 Rc6 44. Kd4 Ke7 45. Ke5 Rc5+ 46.
Kd4 Rc1 47. Ke4 Rc4+ 48. Kd3 Rc6 49. Ke4 Rc1 50. Kf4 Kd7 51. Rf8 Rf1+ 52. Ke5
Kxc7 53. Rh8 Kd7 54. Rxh6 Ke7 55. Rh7 Kf8 56. Rh8+ Kg7 57. Ra8 Re1+ 58. Kf4 Kg6
59. Rg8+ Kh7 60. Ra8 f6 61. Re8 Kg7 62. Kf3 Kf7 63. Ra8 Rf1+ 64. Ke4 e5 65. g5
Rf4+ 66. Ke3 fxg5 67. Ra6 Rf6 68. Ra5 Re6 69. Ke4 Kg6 70. Ra8 Re7 71. Rg8+ Kh5
72. Rh8+ Kg4 73. Rh1 Kg3 74. Rg1+ Kh4 75. Rh1+ Kg4 76. Rg1+ Kh5 77. Rh1+ Kg6 78.
Rh8 g4 79. Rg8+ Kh5 80. Rh8+ Kg5 81. Rg8+ Kh4 82. Ke3 Kg3 83. Rg5 e4 84. Rg8 Kh3
85. Rh8+ Kg2 86. Rg8 g3 87. Rh8 Kg1 88. Rg8 g2 89. Rh8 Rf7 90. Ke2 Rf2+ 91. Ke1
e3 92. Rh3 e2 93. Rh8 Rf1+ 94. Kxe2 Rf2+ 95. Ke1 Rf4 96. Ke2 Rf5 97. Re8 Rh5 98.
Rg8 Kh1 99. Kf2 Rf5+ 100. Ke2 g1=Q 101. Rh8+ Qh2+ 102. Rxh2+ Kxh2 {White
resigns} 0-1

[Event "Team 45 45 League T65"]
[Site "Internet Chess Club"]
[Date "2015.06.05"]
[Round "1"]
[White "modiglani"]
[Black "Gilligan"]
[Result "0-1"]
[WhiteElo "1889"]
[BlackElo "2015"]
[Opening "Polish (Sokolsky) opening"]
[ECO "A00"]
[Time "14:00:33"]
[TimeControl "2700+45"]

1. b4 e5 2. Bb2 Bxb4 3. Bxe5 Nf6 4. e3 Nc6 5. Bb2 O-O 6. Nf3 d5 7. c4 dxc4 8.
Bxc4 Bf5 9. O-O Be7 10. a3 Bd3 11. Bxd3 Qxd3 12. Nc3 Rfd8 13. Qe2 Na5 14. Rab1
b6 15. Nd4 Qxe2 16. Ncxe2 c5 17. Nf5 Rxd2 18. Nxe7+ Kf8 19. Bxf6 gxf6 20. Nf5
Rxe2 21. Rfd1 Nc4 22. Rd7 Rd2 23. Rd1 Rxd1+ 24. Rxd1 Nxa3 25. Rd7 c4 26. Nd6 c3
27. Rxf7+ Kg8 28. Rc7 Rd8 29. Rxc3 Rxd6 30. Kf1 Nb5 31. Rb3 Nc7 32. e4 b5 33.
Ke2 a5 34. f4 b4 {White resigns} 0-1

[Event "Team 45 45 League T65"]
[Site "Internet Chess Club"]
[Date "2015.06.03"]
[Round "1"]
[White "passedpawn"]
[Black "CaptK"]
[Result "1/2-1/2"]
[WhiteElo "1787"]
[BlackElo "1903"]
[Opening "King's Indian: Kazakh variation"]
[ECO "E91"]
[Time "11:00:37"]
[TimeControl "2700+45"]

1. d4 Nf6 2. Nf3 g6 3. c4 Bg7 4. Nc3 d6 5. e4 O-O 6. Be2 Na6 7. O-O e5 8. dxe5
dxe5 9. Qxd8 Rxd8 10. Bg5 h6 11. Bxf6 Bxf6 12. Nd5 Bg7 13. Rfd1 Be6 14. Rac1 c6
15. Nc3 Nc7 16. b3 Bg4 17. Rxd8+ Rxd8 18. Rd1 Rxd1+ 19. Bxd1 Bxf3 20. Bxf3 Ne6
21. Kf1 Nd4 22. Bd1 Kf8 23. Ne2 Ke7 24. Nxd4 exd4 25. Bc2 Kd6 26. Ke2 Kc5 27. a4
Kb4 28. Kd3 Kc5 29. Bd1 Be5 30. h3 h5 31. f3 h4 32. Bc2 g5 33. Bd1 Kb4 34. Kc2
Ka3 35. Be2 a6 36. Bd3 Kb4 37. Be2 Bf6 38. Bd3 Kc5 39. Kd2 Kd6 40. Kd1 Ke5 41.
Ke2 Kf4 42. Kf2 Be7 43. Bc2 Bc5 44. Bd3 f6 45. Ke2 Kg3 46. Kf1 Ba3 47. Bc2 Bc1
48. Bd3 Kf4 49. Ke2 Bb2 50. Bc2 Ke5 51. Kd3 Kd6 52. Bd1 Kc5 53. Kc2 Bc3 54. Be2
Kd6 55. Bd3 Ke5 56. Kd1 Kf4 57. Ke2 Kg3 58. Kf1 Bb4 59. Bc2 Kf4 60. Ke2 Ke5 61.
Kd3 Bc5 62. Bb1 Bb4 63. Bc2 c5 64. Ke2 Kd6 65. Bd3 Kc6 66. Kd1 Ba5 67. Kc1 Bc7
68. Kc2 Bh2 69. Kd1 Bg1 70. Kc1 Bf2 71. Kd2 Be3+ 72. Kc2 Kb6 73. Be2 Ka5 74. Bd3
Kb4 75. Be2 Ka3 76. Bd3 Kb4 77. Be2 {Game drawn by mutual agreement} 1/2-1/2

[Event "Team 45 45 League T65"]
[Site "Internet Chess Club"]
[Date "2015.06.06"]
[Round "1"]
[White "Magnus87"]
[Black "CirrusStratus"]
[Result "1/2-1/2"]
[WhiteElo "2167"]
[BlackElo "2295"]
[Opening "Queen's pawn game"]
[ECO "E06"]
[Time "10:31:03"]
[TimeControl "2700+45"]

1. d4 Nf6 2. Nf3 e6 3. g3 Be7 4. Bg2 d5 5. O-O O-O 6. c4 dxc4 7. Qa4 Bd7 8. Qxc4
Bc6 9. Nc3 h6 10. Re1 a6 11. Bf4 b5 12. Qb3 Bd6 13. Bxd6 cxd6 14. e4 d5 15. exd5
Nxd5 16. Ne5 Ne7 17. Nxc6 Nbxc6 18. d5 Nxd5 19. Nxd5 exd5 20. Qxd5 Rc8 21. Rac1
Qxd5 22. Bxd5 Nb4 23. Bb3 {Game drawn by mutual agreement} 1/2-1/2

[Event "Team 45 45 League T65"]
[Site "Internet Chess Club"]
[Date "2015.06.09"]
[Round "1"]
[White "Intemperate"]
[Black "hidemitsu"]
[Result "0-1"]
[WhiteElo "2039"]
[BlackElo "2236"]
[Opening "English: Nimzo-English opening"]
[ECO "A05"]
[Time "14:08:08"]
[TimeControl "2700+45"]

1. Nf3 Nf6 2. c4 e6 3. Nc3 Bb4 4. Qb3 c5 5. a3 Bxc3 6. Qxc3 b6 7. b4 Qe7 8. Bb2
Bb7 9. e3 O-O 10. Be2 d6 11. O-O Nbd7 12. Rfe1 Rac8 13. Rac1 Rfd8 14. b5 a5 15.
h3 e5 16. d3 Nf8 17. Nd2 Ng6 18. Qc2 Nh4 19. g3 Ng6 20. Bf1 h5 21. h4 Ng4 22.
Ne4 d5 23. cxd5 Bxd5 24. f3 Nf6 25. Red1 Rc7 26. Nd2 Qe8 27. e4 Be6 28. a4 Rcd7
29. Nc4 Bxc4 30. dxc4 Nf8 31. Bh3 Rd6 32. Rxd6 Rxd6 33. Kf2 N6d7 34. Rd1 Qe7 35.
Rd5 Ne6 36. Bxe6 Qxe6 37. Kg2 Nf6 38. Rxe5 Qd7 39. Bc3 Rd1 40. Rd5 Nxd5 41. cxd5
Rd4 42. Bxd4 cxd4 43. Qc6 Qd8 44. e5 d3 45. Kf2 g5 46. Ke3 gxh4 47. gxh4 Qxh4
48. Kxd3 Qxa4 49. d6 Qd1+ 50. Ke4 Qe2+ 51. Kf5 Qd3+ 52. Kf6 Qg6+ 53. Ke7 Qg5+
54. Kd7 h4 55. Kc7 Qxe5 56. Kxb6 h3 57. d7 Qd4+ 58. Kb7 h2 59. Qc8+ Kg7 60. d8=Q
Qxd8 61. Qxd8 h1=Q 62. Qg5+ Kf8 63. Qc5+ Kg7 64. Qd4+ Kg6 65. Qg4+ Kf6 66. Qf4+
Ke6 67. Qe4+ Kd6 68. Qc6+ Ke7 69. b6 a4 70. Qxa4 Qxf3+ 71. Qc6 Qa3 72. Kb8 f5
73. b7 Qa2 74. Kc8 Qg8+ 75. Kc7 Qd8# {White checkmated} 0-1

[Event "Team 45 45 League T65"]
[Site "Internet Chess Club"]
[Date "2015.06.04"]
[Round "1"]
[White "Epcot"]
[Black "spand42"]
[Result "1-0"]
[WhiteElo "2140"]
[BlackElo "1972"]
[Opening "Dutch: classical variation"]
[ECO "A96"]
[Time "05:30:08"]
[TimeControl "2700+45"]

1. d4 f5 2. g3 Nf6 3. Nf3 e6 4. Bg2 Be7 5. O-O O-O 6. c4 d6 7. Nc3 Ne4 8. Nxe4
fxe4 9. Nd2 d5 10. f3 Nc6 11. fxe4 Rxf1+ 12. Nxf1 dxc4 13. Be3 Bd7 14. Nd2 Nxd4
15. Bxd4 Ba4 16. Qxa4 Qxd4+ 17. Kh1 Qxd2 18. Qxc4 Qxb2 19. Qxe6+ Kh8 20. Rf1 Bf6
21. e5 Qxe2 22. Rxf6 gxf6 23. Qxf6+ Kg8 24. Bd5# {Black checkmated} 1-0